Unix NetHack Version 3.7.0-86 Work-in-progress - last build May 30 2023 01:50:43 (cc98dc9aa62a9957b082a042edf5bd7ec9f632c7,branch:master). Game began 2023-06-09 13:40:10, ended 2023-06-09 17:06:10. Raisse, neutral female gnomish Wizard ######### --------- ----- --------# |...<....## ----- |...| |......|# |.......| d |.!=| |...| #-......|###############|.......| G #-.??| #-.(..#####|......| #-.......| % #|)%!| #----- |......| |.......| # #----- # |......-### ------|-- # # # |......| # ## # ## # -----|-- ##### # # # # ### # # # # # ######### ###### ### # ## #### # ###### # # ###### # # -.-------# -----------### #--.--.--- # |..`....|# |.........|# ........| ####-.......|# |.........|# |.....`.| |{.......# |.....>....# |.......| --------- ----------- --------- Raisse the Conjurer St:11 Dx:12 Co:13 In:19 Wi:11 Ch:9 Neutral Dlvl:3 $:73 HP:0(22) Pw:13(28) AC:8 Xp:3/75 T:1331 Burdened Latest messages: Pick an object. The door opens. The iguana bites! The iguana bites! You hit the iguana! The iguana bites! You kill the iguana! You hear a jackal howling at the moon. The werejackal bites! The werejackal bites! You miss the werejackal. The werejackal bites! You avoid harm. You miss the werejackal. The werejackal just misses! You miss the werejackal. The werejackal bites! The werejackal bites! You miss the werejackal. The werejackal bites! You miss the werejackal. The werejackal summons help! A jackal suddenly appears next to you! A coyote suddenly appears next to you! A jackal suddenly appears close by! A coyote suddenly appears close by! The werejackal bites! In what direction? j The spell hits the coyote! You kill the coyote! The spell hits the jackal! You kill the jackal! The spell hits the coyote! You kill the coyote! The jackal bites! The werejackal bites! You avoid harm. The jackal bites! The werejackal bites! You see here a coyote corpse. In what direction? j The jackal misses! In what direction? k The spell hits the jackal! You kill the jackal! The werejackal bites! You avoid harm. You die... Do you want your possessions identified? [ynq] (y) y Do you want to see your attributes? [ynq] (y) q Inventory: Coins $ - 73 gold pieces Weapons a - a blessed +1 quarterstaff (weapon in hands) p - 19 uncursed +0 darts q - 7 cursed -1 shuriken (at the ready) Armor z - an uncursed rustproof +0 ring mail C - an uncursed +0 cloak of magic resistance (being worn) H - an uncursed +0 orcish helm (being worn) Scrolls i - an uncursed scroll of enchant weapon j - an uncursed scroll of stinking cloud k - an uncursed scroll of identify Spellbooks l - a blessed spellbook of force bolt m - an uncursed spellbook of magic missile Potions f - an uncursed potion of gain ability g - an uncursed potion of levitation h - an uncursed potion of invisibility o - an uncursed potion of object detection r - an uncursed potion of gain energy s - 2 uncursed potions of healing t - an uncursed potion of speed w - an uncursed potion of enlightenment Rings d - an uncursed ring of cold resistance e - an uncursed ring of searching y - an uncursed ring of protection from shape changers Wands c - an uncursed wand of secret door detection (0:13) u - an uncursed wand of cold (0:6) v - an uncursed wand of striking (0:5) Raisse the Wizard's attributes: Background: You were a Conjurer, a level 3 female gnomish Wizard. You were neutral, nominally on a mission for Thoth who was opposed by Ptah (lawful) and Anhur (chaotic). You were in the Dungeons of Doom, on level 3. You entered the dungeon 1331 turns ago. You had 75 experience points, 5 more were needed to attain level 4. Basics: You had 0 out of 22 hit points. You had 13 out of 28 energy points (spell power). Your armor class was 8. Your wallet contained 73 zorkmids. Autopickup was on for '$!?/"=+' plus thrown, with exceptions. Final Characteristics: Your strength was 11 (limit:18/50). Your dexterity was 12 (limit:18). Your constitution was 13 (limit:18). Your intelligence was 19 (limit:19). Your wisdom was 11 (limit:18). Your charisma was 9 (limit:18). Final Status: You were not hungry. You were burdened; movement was slightly slowed. You were wielding a quarterstaff. You had basic skill with quarterstaff. Final Attributes: You were fervently aligned. You were magic-protected. You had infravision. You were warded. You are dead. Miscellaneous: You never encountered a bones level. Total elapsed playing time was 35 minutes and 13 seconds. Major events: Turn 1: Raisse the neutral female gnomish Wizard entered the dungeon 471: attained the rank of Conjurer (level 3) 1331: killed by a werejackal Vanquished creatures: 2 iguanas 2 coyotes a gecko 4 jackals a fox 2 kobolds 2 goblins 3 sewer rats 3 grid bugs a bat 3 lichens a kobold zombie 2 newts 27 creatures vanquished. No species were genocided or became extinct. Voluntary challenges: You were an atheist. You read items or engraved 3 times. You never engraved Elbereth. You never genocided any monsters. You never polymorphed an object. You never changed form. You used no wishes. Achievements: You attained the rank of Conjurer. You entered a shop. The Dungeons of Doom: levels 1 to 4 Level 1: A fountain. Level 2: Level 3: <- You were here. A general store, a fountain. Final resting place for you, killed by a werejackal. Level 4: Game over: ---------- / \ / REST \ / IN \ / PEACE \ / \ | Raisse | | 73 Au | | killed by a | | werejackal | | | | | | 2023 | *| * * * | * _________)/\\_//(\/(/\)/\//\/|_)_______ Goodbye Raisse the Wizard... You died in The Dungeons of Doom on dungeon level 3 with 516 points, and 73 pieces of gold, after 1331 moves. You were level 3 with a maximum of 22 hit points when you died.